 Seeded DCSS version 0.30.1-9-gdf580d7c3d (webtiles) character file.

Game seed: 9206733202289424810 (custom seed)

0 Psyclone the Magician (level 1, 10/10 HPs)
             Began as a Kobold Hedge Wizard on Oct 11, 2023.
             Quit the game on level 1 of the Dungeon.
             The game lasted 00:01:14 (117 turns).

Psyclone the Magician (Kobold Hedge Wizard)          Turns: 117, Time: 00:01:14

Health: 10/10      AC:  2    Str:  7    XL:     1   Next: 11%
Magic:  4/4        EV: 14    Int: 15    God:
Gold:   0          SH:  0    Dex: 14    Spells: 5/6 levels left

rFire   . . .        a - +0 dagger
rCold   . . .        (no shield)
rNeg    . . .        b - +0 robe
rPois   .            (no helmet)
rElec   .            (no cloak)
rCorr   .            (no gloves)
SInv    .            (no boots)
Will    .....        (no amulet)
Stlth   +++          (no ring)
HPRegen 0.21/turn    (no ring)
MPRegen 0.09/turn

%: no passive effects
@: no status effects
A: small, no large weapons, nightstalker 3
a: no special abilities


You were on level 1 of the Dungeon.
You visited 1 branch of the dungeon, and saw 1 of its levels.

Inventory:

Hand Weapons
 a - a +0 dagger (weapon)
Armour
 b - a +0 robe (worn)
 c - a +0 hat
Jewellery
 d - a ring of wizardry


   Skills:
 + Level 2.4 Dodging
 + Level 2.7 Stealth
 + Level 3.2 Spellcasting
 + Level 1.0 Conjurations
 + Level 1.0 Summonings
 + Level 1.0 Translocations


You had 5 spell levels left.
You knew the following spells:

 Your Spells              Type           Power      Damage    Failure   Level
a - Magic Dart            Conj           20%        1d4       13%         1

Your spell library contained the following spells:

 Spells                   Type           Power      Damage    Failure   Level
 Blink                    Tloc           10%        N/A       19%         2
 Call Imp                 Summ           10%        N/A       19%         2
 Slow                     Hex            8%         N/A       21%         1
 Cigotuvi's Dreadful Rot  Necr/Pois/Air  4%         N/A       30%         2
 Mephitic Cloud           Conj/Pois/Air  3%         N/A       45%         3


Dungeon Overview and Level Annotations

Branches:
Dungeon (1/15) Zot: 5883

Altars:


Innate Abilities, Weirdness & Mutations

You are small and have problems with some larger weapons.
You are completely attuned to the shadows.


Message History

Aiming: Magic Dart (safe; 13% risk of failure)
Press: ? - help, Shift-Dir - straight line, f - bat
Aim: a bat (100% to hit)
You miscast Magic Dart.
You are very lightly contaminated with residual magic.
Nothing appears to happen.
The bat hits you.
You take 1 damage, and have 6/10 hp.
You now have 3/4 mp.
The bat misses you. The bat closely misses you. The bat barely misses you.
Casting: Magic Dart (safe; 13% risk of failure)
Confirm with . or Enter, or press ? or * to list all spells.
You don't know that spell.
Unknown command.
The bat closely misses you.
A bat is nearby!
You hit the bat.
You kill the bat!
Your magical contamination has completely faded away.
You see here a bat corpse.
MP restored: 4 You see here a potion of magic.
There is a staircase leading out of the dungeon here.
Health restored: 10 There's nothing to close nearby.
There is a staircase leading out of the dungeon here.
There's nothing to close nearby.
You see here a potion of magic.
There's nothing to close nearby.
You can't go down here!
Unknown command.
Sorry, you're not good enough to have a special ability.
Unknown command.
Unknown command.
You can't go down here!
Unknown command.
d - a ring of wizardry Unknown command.
Unknown command.
Are you sure you want to abandon this character and quit the game? (Confirm with "yes".)

.# ...# ##..#
#####.$.#
##......#
###!.....@#
####........##
#####......†...##
#....(....#....##
#...<....#......#
...(..###......##
..##.###..#..#.#
#.##.# #..###.##
###### ###


There were no monsters in sight!

Vanquished Creatures
  A bat (D:1)
1 creature vanquished.

Notes
Turn   | Place    | Note
-------+----------+-------------------------------------------
     0 | D:1      | Psyclone the Kobold Hedge Wizard began the quest for the
                  | Orb.
     0 | D:1      | Reached XP level 1. HP: 10/10 MP: 4/4
   117 | D:1      | Quit the game

Illustrated notes

Levels and vault maps discovered:
D:1:      dpeg_arrival_arbitrary_a, layout_rooms, serial_aquarium,
          aquarium_bridge_square [aquarium_subvault_bridge,
          aquarium_subvault_bridge, aquarium_subvault_balcony,
          aquarium_subvault_window], aquarium_bridge_long_separate
          [aquarium_subvault_bridge, aquarium_subvault_bridge,
          aquarium_subvault_window, aquarium_subvault_wall,
          aquarium_subvault_bridge, aquarium_subvault_wall], aquarium_window_3,
          aquarium_window_corner, aquarium_view_2g, aquarium_balcony_3a,
          aquarium_pool_double

Action                     || total
---------------------------++-------
  Melee: Dagger            ||     1
 Armour: Robe              ||     4
  Dodge: Dodged            ||    13
